Map: Jar Graystone

Players

John

  • Race: Terran Terran
  • Spawn Location: 3:00

dwergino

  • Race: Protoss Protoss
  • Spawn Location: 5:00

Oozee - Winner!

  • Race: Terran Terran
  • Spawn Location: 11:00

Gracz - Winner!

  • Race: Protoss Protoss
  • Spawn Location: 9:00

VOD

Have the link to the VOD?

Description

Time

  • Played on: Feb. 26, 2016, 7:36 p.m.
  • Length: 11:10
Show
View Real Time Build Order
Export as new Build Order

John Terran 

Build Orders:  

Get SALT Encoding   

  12  0:11  SCV  
  13  0:23  SCV  
  14  0:32  Supply Depot  
  14  0:36  SCV  
  15  0:54  SCV  
  15  0:57  Refinery  
  16  1:06  SCV  
  17  1:17  Barracks  
  17  1:18  SCV  
  18  1:30  SCV  
  19  1:33  Supply Depot  
  19  1:42  SCV  
  20  1:49  Refinery  
  20  1:54  SCV  
  21  2:06  SCV  
  22  2:18  SCV  
  23  2:37  Barracks  
  23  2:39  Barracks Reactor  
  23  2:50  Supply Depot  
  23  3:12  Supply Depot  
  23  3:15  Engineering Bay  
  23  3:19  Orbital Command  
  23  3:37  Barracks Reactor  
  23  3:56  Factory  
  23  3:57  Marine x2  
  25  4:13  Supply Depot  
  25  4:15  Marine x2  
  25  4:16  Marine x2  
  29  4:33  Marine x2  
  29  4:34  Marine x2  
  29  4:36  Supply Depot  
  33  4:51  Marine x2  
  33  4:52  Marine x2  
  37  4:53  Factory Tech Lab  
  37  5:05  Armory  
  37  5:10  Marine x2  
  39  5:14  Terran Infantry Weapons Level 1  
  39  5:29  Command Center  
  39  5:43  Siege Tank  
  42  6:15  Siege Tank  
  45  6:21  Factory  
  45  6:39  Supply Depot  
  45  6:47  Siege Tank  
  48  7:01  Supply Depot  
  47  7:08  Terran Infantry Armor Level 1  
  47  7:19  Siege Tank  
  50  7:24  Supply Depot  
  47  7:51  Siege Tank  
  50  8:12  Factory Tech Lab  
  50  8:29  Starport  
  38  9:26  Marine x2  
  38  9:28  Marine x2  
  30  9:44  Marine x2  
  29  9:46  Marine x2  
  28  10:02  Marine x2  
  28  10:04  Marine x2  
Show
View Real Time Build Order
Export as new Build Order

dwergino Protoss 

Build Orders:  

Get SALT Encoding   

  12  0:04  Probe (Chrono Boost)  
  14  0:14  Probe (Chrono Boost)  
  14  0:25  Probe (Chrono Boost)  
  14  0:26  Pylon  
  15  0:31  Pylon  
  15  0:44  Probe (Chrono Boost)  
  15  0:45  Assimilator  
  15  0:48  Assimilator  
  16  1:02  Gateway  
  16  1:09  Gateway  
  16  1:14  Probe (Chrono Boost)  
  17  1:25  Probe (Chrono Boost)  
  18  1:46  Pylon  
  18  1:51  Cybernetics Core  
  18  2:15  Forge  
  18  2:26  Probe (Chrono Boost)  
  19  2:30  Warp Gate (Chrono Boost)  
  19  2:37  Probe  
  20  2:47  Stalker  
  20  2:48  Stalker  
  24  2:57  Probe  
  25  3:09  Probe  
  26  3:23  Stargate  
  26  3:26  Stargate  
  26  3:34  Stalker  
  26  3:36  Stalker  
  30  4:06  Stalker (Chrono Boost)  
  30  4:07  Stalker (Chrono Boost)  
  34  4:24  Void Ray  
  38  4:35  Pylon  
  38  4:36  Pylon  
  38  4:37  Pylon  
  38  4:38  Pylon  
  38  5:03  Nexus  
  38  5:11  Pylon  
  38  5:17  Pylon  
  38  5:51  Pylon  
  38  6:01  Void Ray  
  46  6:12  Stalker  
  46  6:14  Stalker  
  50  6:22  Probe  
  51  6:32  Probe  
  30  6:57  Void Ray  
  18  7:17  Pylon  
  18  7:26  Probe  
  16  7:38  Probe  
  17  7:48  Probe  
  17  7:50  Probe  
  19  7:59  Probe  
  19  8:02  Probe  
  21  8:09  Probe  
  22  8:14  Probe  
  23  8:20  Probe  
  23  8:26  Probe  
  25  8:31  Probe  
  24  8:58  Stalker x2  
  16  9:22  Stalker  
  18  9:25  Stalker  
  16  9:49  Stalker x2  
  16  10:13  Stalker  
  16  10:14  Stalker  
  20  10:38  Zealot  
Show
View Real Time Build Order
Export as new Build Order

Oozee Terran - Winner!

Build Orders: MMM Bio 

Get SALT Encoding   

  12  0:01  SCV  
  13  0:13  SCV  
  14  0:18  Supply Depot  
  14  0:27  Refinery, SCV  
  15  0:40  SCV  
  16  0:45  Barracks  
  16  0:54  SCV  
  17  1:06  SCV  
  18  1:16  Supply Depot  
  18  1:20  SCV  
  19  1:33  Marine  
  19  1:41  Factory  
  19  1:52  SCV  
  19  1:53  Marine  
  21  2:06  Command Center  
  21  2:11  Marine  
  22  2:21  Orbital Command  
  22  2:29  Marine, Factory Tech Lab  
  23  2:38  Starport  
  23  2:48  SCV  
  24  2:52  Engineering Bay  
  24  3:02  Barracks Tech Lab  
  24  3:14  Refinery  
  24  3:34  Marine, Stimpack  
  24  3:45  SCV  
  25  3:51  Missile Turret  
  25  3:53  Marine  
  25  3:55  Orbital Command  
  26  4:11  Starport Reactor  
  26  4:13  Siege Tank  
  26  4:16  Marauder  
  31  4:21  Barracks  
  31  4:23  Barracks  
  31  4:25  Barracks  
  31  4:32  SCV x2  
  33  4:42  Marauder  
  35  4:49  Supply Depot  
  35  4:50  Missile Turret  
  35  4:56  Supply Depot  
  35  5:02  Medivac  
  37  5:08  Medivac  
  39  5:19  Missile Turret  
  39  5:21  SCV  
  40  5:30  SCV  
  40  5:33  SCV  
  40  5:34  Barracks Reactor x2  
  42  5:39  Engineering Bay  
  42  5:46  Terran Infantry Weapons Level 1  
  42  5:58  Marine  
  42  5:59  Marine  
  42  6:02  SCV  
  45  6:09  Viking  
  47  6:16  Marine x2  
  47  6:17  Viking  
  51  6:24  Terran Infantry Armor Level 1  
  51  6:52  Marine x6  
  51  6:54  Viking  
  55  6:57  SCV x2  
  51  7:09  Marine  
  51  7:10  Marine x3  
  55  7:23  Marine x2  
  55  7:25  Viking  
  55  7:26  Viking  
  55  7:27  Marine  
  62  7:34  Supply Depot, SCV  
  63  7:50  Barracks Reactor  
  63  7:51  Marine x4  
  62  8:00  SCV x2  
  62  8:01  Armory  
  62  8:05  Refinery  
  65  8:06  Refinery  
  65  8:08  Marine  
  65  8:09  Marauder  
  65  8:12  Combat Shields  
  67  8:20  Barracks  
  67  8:26  Medivac  
  69  8:30  Medivac  
  71  8:55  SCV x2  
  75  9:03  Marauder  
  75  9:04  Marine x3  
  75  9:05  Marine x3  
  75  9:07  Barracks Tech Lab  
  81  9:22  Marine  
  84  9:24  Marauder  
  73  9:48  Marine x5, Marauder  
  73  9:50  Siege Tank  
  83  9:59  Marine x2  
  85  10:01  SCV  
  86  10:39  Supply Depot x2  
  86  10:40  Supply Depot x2  
  86  10:41  Supply Depot  
  86  10:54  SCV  
  86  10:56  SCV  
Show
View Real Time Build Order
Export as new Build Order

Gracz Protoss - Winner!

Build Orders: Nexus First 

Get SALT Encoding   

  12  0:47  Pylon, Nexus  
  12  0:54  Assimilator  
  12  1:03  Assimilator  
  12  1:11  Assimilator  
  12  1:17  Assimilator  
  12  1:32  Probe (Chrono Boost)  
  13  1:42  Probe (Chrono Boost)  
  14  1:53  Probe (Chrono Boost)  
  15  2:02  Probe (Chrono Boost)  
  15  2:04  Probe (Chrono Boost)  
  15  2:07  Pylon  
  17  2:12  Probe (Chrono Boost)  
  17  2:14  Probe (Chrono Boost)  
  19  2:23  Probe (Chrono Boost)  
  19  2:29  Gateway  
  20  2:34  Gateway  
  20  2:43  Gateway  
  20  2:46  Probe (Chrono Boost)  
  20  2:47  Probe (Chrono Boost)  
  22  2:56  Probe (Chrono Boost)  
  23  3:06  Probe (Chrono Boost)  
  23  3:07  Probe (Chrono Boost)  
  25  3:16  Probe (Chrono Boost)  
  25  3:17  Gateway, Probe (Chrono Boost)  
  27  3:28  Probe (Chrono Boost)  
  27  3:29  Cybernetics Core  
  28  3:38  Probe (Chrono Boost)  
  28  3:39  Probe (Chrono Boost)  
  30  3:49  Probe x2 (Chrono Boost)  
  32  3:59  Probe (Chrono Boost)  
  32  4:00  Probe (Chrono Boost)  
  34  4:05  Forge  
  34  4:10  Sentry, Probe x2 (Chrono Boost)  
  34  4:12  Stalker  
  40  4:21  Probe (Chrono Boost)  
  41  4:27  Warp Gate (Chrono Boost)  
  41  4:43  Pylon  
  41  5:05  Stargate  
  41  5:07  Stargate  
  41  5:12  Stargate  
  41  5:39  Stargate  
  41  6:01  Oracle (Chrono Boost)  
  52  6:06  Void Ray (Chrono Boost)  
  52  6:07  Void Ray (Chrono Boost)  
  52  6:43  Pylon  
  54  7:01  Void Ray (Chrono Boost)  
  41  7:40  Void Ray (Chrono Boost)  
  41  7:41  Void Ray (Chrono Boost)  
  41  7:42  Void Ray (Chrono Boost)  
  41  7:43  Void Ray (Chrono Boost)  
  57  7:55  Pylon  
  57  8:04  Mothership Core  
  59  8:18  Void Ray (Chrono Boost)  
  67  8:24  Void Ray (Chrono Boost)  
  67  8:28  Pylon  
  67  8:47  Void Ray (Chrono Boost)  
  75  8:53  Void Ray (Chrono Boost)  
Tags
 
Add a new tag
Caveats
  • Supply blocks, unpowered buildings, or Contaminate may cause inaccurate times.
  • Supply counts are checked every 10 seconds.